 Dungeon Crawl Stone Soup version 0.20-a0-901-g27f6fa8 (webtiles) character file.

91 4thArraOfDagon the Skirmisher (level 4, 1/39 HPs)
             Began as a Formicid Hunter on Mar 19, 2017.
             Quit the game on level 7 of the Dungeon.
             The game lasted 00:03:10 (656 turns).

4thArraOfDagon the Skirmisher (Formicid Hunter)      Turns: 656, Time: 00:03:11

Health: 1/39       AC:  3    Str: 17    XL:     4   Next: 87%
Magic:  4/4        EV: 12    Int: 11    God:
Gold:   82         SH:  0    Dex: 11    Spells: 3/3 levels left

rFire    . . .     SeeInvis +   a - +0 short sword
rCold    . . .     Gourm    .   b - +0 leather armour
rNeg     . . .     Faith    .   (no shield)
rPois    .         Spirit   .   (helmet unavailable)
rElec    .         Reflect  .   (no cloak)
rCorr    .         Harm     .   (no gloves)
MR       .....                  (no boots)
Stlth    +.........             (no amulet)
Regen    0.2/turn               (no ring)
MPRegen  0.1/turn               (no ring)

@: no status effects
A: permanent stasis, dig shafts and tunnels, four strong arms, antennae 3
a: Dig, Shaft Self


You were on level 7 of the Dungeon.
You were not hungry.

You visited 1 branch of the dungeon, and saw 7 of its levels.

You collected 82 gold pieces.

Inventory:

Hand Weapons
 a - a +0 short sword (weapon)
Missiles
 c - 2 javelins (quivered)
Armour
 b - a +0 leather armour (worn)
 i - a +2 hat
Scrolls
 e - a scroll of recharging {unknown}
 f - a scroll of remove curse {unknown}
 h - 2 scrolls of teleportation {unknown}
 j - a scroll of enchant armour {unknown}
Books
 k - a book of Debilitation

   Spells                             Type                      Level
   a - Corona                         Hexes                        1
   b - Slow                           Hexes                        2
   c - Inner Flame                    Hexes/Fire                   3
   d - Portal Projectile              Hexes/Translocation          3
   e - Cause Fear                     Hexes                        4
   f - Leda's Liquefaction            Hexes/Earth                  4


   Skills:
 + Level 5.1 Fighting
 - Level 4.0 Throwing
 - Level 1.7 Dodging
 - Level 1.2 Stealth


You had 3 spell levels left.
You didn't know any spells.

Dungeon Overview and Level Annotations

Branches:
Dungeon (7/15)
 Temple: D:4-7

Altars:
Nemelex Xobeh


Innate Abilities, Weirdness & Mutations

You cannot be hasted, slowed, berserked, paralysed or teleported.
You can dig through walls and to a lower floor.
Your four strong arms can wield two-handed weapons with a shield.
You have a pair of large antennae on your head. (SInv)


Message History

Unknown command.
The bullfrog closely misses you.
Quiver which item? (- for none, * to show all) (? for menu, Esc to quit)
Quivering
d - 2 throwing nets for throwing.
Throwing (i - inventory. (,) - cycle):
d - 2 throwing nets (quivered)
Press: ? - help, Shift-Dir - straight line, f - bullfrog
Aim: a bullfrog You throw a throwing net.
The throwing net closely misses the bullfrog.
The bullfrog hits you!
* * * LOW HITPOINT WARNING * * *
Unknown command.
Throwing (i - inventory. (,) - cycle):
d - a throwing net (quivered)
Press: ? - help, Shift-Dir - straight line, f/p - bullfrog
Aim: a bullfrog You throw a throwing net.
The throwing net completely misses the bullfrog.
The bullfrog hits you but does no damage.
Unknown command.
Are you sure you want to abandon this character and quit the game? (Confirm with "yes".)

##..###.#####.#.#
#......#........# #
#..#............. #.
##..#.##.##.##.###
#..##(..#(##.##.##.#
#..#............##.#
#.........##.##.##)#
#....F.......##.##.#
##...@..........# ..
#(.......#######
#.?......#
#(..........
##.......###
........# ##.......#
#########


You could see a bullfrog.

Vanquished Creatures
  An orc priest (D:7)
  A worker ant (D:7)
  An adder (D:5)
  An ooze (D:4)
  An adder skeleton (D:7)
  A worm (D:3)
  3 leopard geckos
  2 orcs (D:7)
  A giant cockroach (D:2)
  A goblin (D:2)
  2 hobgoblins
  2 bats (D:3)
17 creatures vanquished.

Notes
Turn   | Place    | Note
-------+----------+-------------------------------------------
     0 | D:1      | 4thArraOfDagon the Formicid Hunter began the quest for the Orb.
     0 | D:1      | Reached XP level 1. HP: 16/16 MP: 1/1
    22 | D:1      | You fall through a shaft!
    72 | D:3      | Found a sparkling altar of Nemelex Xobeh.
    76 | D:3      | Reached XP level 2. HP: 23/23 MP: 2/2
    79 | D:3      | Reached skill level 3 in Fighting
   111 | D:3      | Noticed a scorpion
   217 | D:5      | Entered Level 5 of the Dungeon
   272 | D:5      | Reached XP level 3. HP: 30/30 MP: 3/3
   434 | D:6      | Noticed an orc warrior
   454 | D:7      | Reached skill level 4 in Fighting
   454 | D:7      | Reached XP level 4. HP: 3/38 MP: 4/4
   528 | D:7      | Noticed a bullfrog
   533 | D:7      | Reached skill level 5 in Fighting
   654 | D:7      | HP: 1/39 [bullfrog (8)]
   656 | D:7      | Quit the game

Vault maps used:
D:1:      scummos_arrival_star
D:2:      first_bread
D:3:      cheibrodos_greedy_goblins, nemelex_xobeh_ov_fountains_minmay
D:4:      kennysheep_the_goblin_king, uniq_eustachio
D:5:      cheibrodos_helix_gallery, basic_altar, serial_shops,
          nicolae_shop_crystal
D:6:      kennysheep_slugbush, xom_redecorated, minmay_temple_entry_overgrown

Skill      XL: |  1  2  3  4 |
---------------+-------------+-----
Fighting       | 3 4 5 |  5.1
Throwing       | |  4.0
Dodging        | |  1.7
Stealth        | |  1.2

Action                   |  1- 3 |  4- 6 || total
-------------------------+-------+-------++-------
Melee: Short sword       |    14 |    11 ||    25
Throw: Javelin           |    23 |     7 ||    30
       Throwing net      |     2 |     3 ||     5
 Abil: Shaft Self        |     1 |       ||     1
       Dig               |     2 |       ||     2
  Use: Potion            |       |     1 ||     1
Armor: Leather armour    |    10 |     6 ||    16
Dodge: Dodged            |    12 |    15 ||    27
